 Dungeon Crawl Stone Soup version 0.18.1-8-gdd0e5ea (webtiles) character file.

653 Gargoyl the Covered (level 7, -3/55 HPs)
             Began as a Demonspawn Abyssal Knight on June 11, 2016.
             Was a Priest of Lugonu.
             Slain by Edmund
             ... wielding a +3 flail of distortion
              (5 damage)
             ... on level 5 of the Dungeon.
             The game lasted 00:09:34 (5082 turns).

Gargoyl the Covered (Demonspawn Abyssal Knight)     Turns: 5082, Time: 00:09:36

Health: -3/55      AC: 10    Str: 19    XL:     7   Next: 28%
Magic:  17/17      EV: 11    Int: 13    God:    Lugonu [***...]
Gold:   200        SH:  0    Dex: 13    Spells: 0 memorised, 6 levels left

rFire  . . .     SeeInvis .     a - +1 hand axe
rCold  + . .     Gourm    .     w - +0 scale mail
rNeg   . . .     Faith    .     (no shield)
rPois  .         Spirit   .     v - +0 helmet
rElec  .         Dismiss  .     x - +0 cloak
rCorr  .         Reflect  .     i - +0 pair of gloves
SustAt .         Harm     .     (no boots)
MR     +....                    e - amulet of regeneration
Stlth  ..........               g - ring of protection from magic
                                o - ring of magical power

@: mighty, about to teleport, somewhat resistant to hostile enchantments,
extremely unstealthy
A: hooves 1, cold resistance 1, powered by pain 1, freezing cloud immunity
a: Depart the Abyss, Bend Space, Banish, Renounce Religion


You were on level 5 of the Dungeon.
You worshipped Lugonu.
Lugonu was most pleased with you.
You were not hungry.

You visited 1 branch of the dungeon, and saw 6 of its levels.
You visited the Abyss 1 time.

You collected 200 gold pieces.

Inventory:

Hand Weapons
 a - a +1 hand axe (weapon)
Missiles
 f - 3 tomahawks (quivered)
Armour
 i - a +0 pair of gloves (worn)
 v - a +0 helmet (worn)
 w - a +0 scale mail (worn)
 x - a +0 cloak (worn)
Jewellery
 e - an amulet of regeneration (around neck)
 g - a ring of protection from magic (right hand)
 o - a ring of magical power (left hand)
 r - an uncursed ring of flight
Wands
 s - a wand of digging (18/24)
Scrolls
 d - 6 scrolls of identify
 j - 3 scrolls of blinking
 k - 3 scrolls of remove curse
 m - 2 scrolls of recharging
 u - 2 scrolls of teleportation {unknown}
 y - a scroll of immolation {unknown}
 z - a scroll of amnesia {unknown}
Potions
 b - a potion of curing {unknown}
 h - a potion of magic {unknown}
 n - a potion of agility {unknown}
 p - a potion of might
 A - a potion of degeneration {unknown}
Comestibles
 c - 3 bread rations
 l - 4 fruits
 q - 2 meat rations
 t - a beef jerky


   Skills:
 + Level 4.6 Fighting
 + Level 3.3 Axes
 * Level 4.7 Armour
 + Level 3.3 Dodging
 + Level 0.4 Stealth
 + Level 2.5 Invocations
 + Level 0.8 Evocations


You had 6 spell levels left.
You didn't know any spells.

Dungeon Overview and Level Annotations

Branches:
Dungeon (6/15)
 Temple: D:4-7

Altars:
Ashenzari
Makhleb
Ru
Xom
Yredelemnul
The Shining One

Annotations:
D:5 Edmund


Innate Abilities, Weirdness & Mutations

You have large cloven feet.
Your flesh is cold resistant.
You sometimes gain a little power by taking damage.
You are immune to freezing clouds.


Message History

* * * LOW HITPOINT WARNING * * *
You slash Edmund! You kick Edmund.
Edmund is heavily wounded.
You hit the crimson imp.
The crimson imp is moderately wounded.
Edmund hits you but does no damage.
You feel strangely unstable. The crimson imp closely misses you.
You hit Edmund. You kick Edmund!
Edmund is severely wounded.
You hit the crimson imp.
The crimson imp is heavily wounded.
Edmund barely misses you. The crimson imp hits you.
* * * LOW HITPOINT WARNING * * *
You hit Edmund. You kick Edmund.
Edmund is almost dead.
You hit the crimson imp.
The crimson imp is almost dead.
Edmund says, "People accused me of being a cutpurse!"
Edmund hits you with a flail of distortion.
You die...

#.......##
#........#
#........## ...
###...##..# ...[
#.....##.####....
#.†..........#[..
#.....#..###...
#.....##5....#
#......@@w./.#
#....#.##.?..#
#....#.##....##
#....#.##§....###
######.##.......#
#......>...##.....
#....#............
#.................
#....#.......#....


You could see Edmund, a worm and a crimson imp.

Vanquished Creatures
  A giant frog (D:6)
  2 howler monkeys
  A hound (D:6)
  2 orc priests
  3 orc wizards
  2 giant frog skeletons
  4 worker ants
  7 adders
  An ooze (D:1)
  4 worms
  A dart slug (D:2)
  6 giant geckos
  14 orcs
  A ball python (D:3)
  A giant cockroach (D:1)
  7 hobgoblins
  4 jackals (D:3)
  12 kobolds
  A quokka (D:3)
  9 bats
  A giant gecko zombie (D:5)
  3 giant newts
  9 goblins
  4 rats
100 creatures vanquished.

Vanquished Creatures (others)
  A plant (D:1)
  2 starspawn tentacles (Abyss:1)
  10 starspawn tentacle segments (Abyss:1)
13 creatures vanquished.

Grand Total: 113 creatures vanquished

Notes
Turn   | Place    | Note
--------------------------------------------------------------
     0 | Abyss:1  | Gargoyl the Demonspawn Abyssal Knight began the quest for the Orb.
     0 | Abyss:1  | Reached XP level 1. HP: 18/18 MP: 2/2
    96 | Abyss:1  | Noticed a tentacled starspawn
   102 | D:1      | Escaped the Abyss
   102 | D:1      | Noticed a red draconian
   102 | D:1      | Noticed an ice dragon
   103 | D:1      | Noticed a tentacled monstrosity
   104 | D:1      | Noticed an orb of fire
   106 | D:1      | Noticed a large abomination
   106 | D:1      | Noticed an orb of fire
   108 | D:1      | Noticed a tentacled monstrosity
   111 | D:1      | Noticed an orb of fire
   113 | D:1      | Noticed a tentacled monstrosity
   115 | D:1      | Noticed a large abomination
   115 | D:1      | Noticed a large abomination
   116 | D:1      | Noticed an iron dragon
   117 | D:1      | Noticed an iron dragon
   119 | D:1      | Noticed a shadow dragon
   119 | D:1      | Noticed a large abomination
   121 | D:1      | Noticed a tentacled monstrosity
   245 | D:1      | Reached skill level 1 in Dodging
   299 | D:1      | Reached * piety under Lugonu
   299 | D:1      | Gained mutation: Your flesh is cold resistant. [demonic ancestry]
   299 | D:1      | Reached XP level 2. HP: 24/24 MP: 3/3
   558 | D:1      | Reached XP level 3. HP: 21/29 MP: 4/4
  1708 | D:2      | Reached XP level 4. HP: 29/36 MP: 5/5
  1722 | D:2      | Reached ** piety under Lugonu
  2268 | D:2      | Found a faded altar to an unknown god.
  2525 | D:3      | Found a shimmering altar of Xom.
  2736 | D:3      | Found a burning altar of Makhleb.
  2739 | D:3      | Found a shattered altar of Ashenzari.
  2741 | D:3      | Found a glowing golden altar of the Shining One.
  2809 | D:3      | Gained mutation: You have large cloven feet. [demonic ancestry]
  2809 | D:3      | Reached XP level 5. HP: 22/42 MP: 6/6
  3609 | D:3      | Reached *** piety under Lugonu
  4176 | D:4      | Gained mutation: You sometimes gain a little power by taking damage. [demonic ancestry]
  4176 | D:4      | Reached XP level 6. HP: 13/48 MP: 7/7
  4511 | D:4      | Found a basalt altar of Yredelemnul.
  4511 | D:4      | Found a sacrificial altar of Ru.
  4917 | D:5      | Entered Level 5 of the Dungeon
  4931 | D:5      | Noticed Edmund
  4964 | D:6      | Gained mutation: You are immune to freezing clouds. [demonic ancestry]
  4964 | D:6      | Reached XP level 7. HP: 7/55 MP: 8/8
  5079 | D:5      | HP: 2/55 [crimson imp (3)]
  5082 | D:5      | Slain by Edmund

Skill      XL: |  1  2  3  4  5  6 |
---------------+-------------------+-----
Dodging        | 1 2 3 |  3.3
Armour         | 2 3 4 |  4.7
Axes           | 2 3 |  3.3
Fighting       | 4 |  4.6
Stealth        | |  0.4
Invocations    | |  2.5
Evocations     | |  0.8

Action                   |  1- 3 |  4- 6 |  7- 9 || total
-------------------------+-------+-------+-------++-------
Melee: Hand axe          |   136 |   266 |    10 ||   412
       Kick              |       |    57 |     5 ||    62
Invok: Depart the Abyss  |     1 |       |       ||     1
Evoke: Wand              |       |     4 |       ||     4
  Use: Potion            |       |     4 |       ||     4
       Scroll            |       |     5 |       ||     5
  Eat: Chunk             |     3 |    10 |     1 ||    14
Armor: Ring mail         |    89 |    77 |       ||   166
       Scale mail        |       |   100 |    11 ||   111
Dodge: Dodged            |   106 |   270 |    10 ||   386
